 Dungeon Crawl Stone Soup version 0.28-a0-643-g84cb2ea78e (webtiles) character file.

Game seed: 8707524876837943004

439 freelancePsychic the Skirmisher (level 6, -1/61 HPs)
             Began as a Draconian Wanderer on Oct 10, 2021.
             Was an Initiate of Ru.
             Succumbed to a water moccasin's poison
             ... on level 3 of the Dungeon.
             The game lasted 00:09:31 (4699 turns).

freelancePsychic the Skirmisher (DrWn)              Turns: 4699, Time: 00:09:32

Health: -1/61      AC:  8    Str: 11 (12) XL:     6   Next: 70%
Magic:  9/9        EV: 11    Int: 16 (17) God:    Ru [......]
Gold:   94         SH:  0    Dex:  8 (10) Spells: 9/9 levels left

rFire   . . .      SeeInvis .   a - +1 dagger (venom)
rCold   . . .      Faith    .   (no shield)
rNeg    . . .      Spirit   .   (armour unavailable)
rPois   .          Reflect  .   (helmet restricted)
rElec   .          Harm     .   (no cloak)
rCorr   .          Rampage  .   w - +1 pair of gloves
Will    .....                   (no boots)
Stlth   +.........              (no amulet)
HPRegen 0.20/turn               (no ring)
MPRegen 0.11/turn               (no ring)

@: lethally poisoned (-1 -> -11), attractive
A: AC +6, unfitting armour, cold-blooded
a: Renounce Religion


You were on level 3 of the Dungeon.
You worshipped Ru.
Ru was noncommittal.
You visited 1 branch of the dungeon, and saw 5 of its levels.

You collected 184 gold pieces.
You spent 90 gold pieces at shops.

Inventory:

Hand Weapons
 a - a +1 dagger of venom (weapon)
 b - a +0 hunting sling
 n - a +0 flail
 o - a +0 mace
Missiles
 d - 7 boomerangs (quivered)
 g - 29 poisoned darts
 i - 5 atropa-tipped darts
 r - 85 stones
Armour
 w - a +1 pair of gloves (worn)
Magical Staves
 h - a staff of air
Jewellery
 x - an amulet of regeneration
Wands
 m - a wand of digging (5)
 q - a wand of polymorph (7)
Scrolls
 j - a scroll of noise {unknown}
 k - 4 scrolls of identify {unknown}
 l - a scroll of enchant armour
 t - 2 scrolls of fear
 u - a scroll of enchant weapon {unknown}
 y - 2 scrolls of teleportation {@r4}


   Skills:
 + Level 7.7 Fighting
 - Level 0.1 Short Blades
 - Level 3.0 Maces & Flails
 - Level 2.1 Throwing
 - Level 2.0 Spellcasting
 - Level 1.0 Translocations
 - Level 2.0 Evocations


You had 9 spell levels left.
You didn't know any spells.
Your spell library contained the following spells:

 Spells                   Type           Power      Damage    Failure   Level
 Freeze                   Ice            4%         1d3       21%         1
 Blink                    Tloc           N/A        N/A       21%         2
 Gell's Gravitas          Tloc           2%         N/A       38%         3
 Lesser Beckoning         Tloc           4%         N/A       38%         3
 Teleport Other           Tloc           4%         N/A       38%         3
 Frozen Ramparts          Ice            2%         1d2       52%         3
 Hailstorm                Conj/Ice       1%         3d3       90%         4
 Manifold Assault         Tloc           4%         N/A       98%         5


Dungeon Overview and Level Annotations

Branches:
Dungeon (5/15)
 Temple: D:4-7

Altars:
Hepliaklqana
Kikubaaqudgha
Ru

Shops:
D:3 *

Annotations:
D:3 exclusion: ice beast


Innate Abilities, Weirdness & Mutations

Your plain brown scales are hard. (AC +6)
You cannot fit into any form of body armour.
You are cold-blooded and may be slowed by cold attacks.


Message History

It was a potion of degeneration.
There was something very wrong with that liquid.
You feel weakened.
You feel dopey.
You feel clumsy.
You feel very sick. The water moccasin barely misses you.
The water moccasin bites you.
* * * LOW HITPOINT WARNING * * *
It was a potion of attraction.
You feel attractive to monsters.
* * * LOW HITPOINT WARNING * * *
You feel very sick.
The water moccasin bites you but does no damage.
You miss the water moccasin.
The water moccasin is severely wounded.
You feel very sick. The water moccasin bites you.
* * * LOW HITPOINT WARNING * * *
The water moccasin bites you.
* * * LOW HITPOINT WARNING * * *
You are lethally poisoned!
The water moccasin poisons you!
You closely miss the water moccasin.
The water moccasin is severely wounded.
You feel less invigorated.
You feel less confused.
* * * LOW HITPOINT WARNING * * *
You feel very sick.
The water moccasin bites you but does no damage.
You hit the water moccasin.
The water moccasin looks even sicker.
The water moccasin is almost dead.
* * * LOW HITPOINT WARNING * * *
You feel very sick.
The water moccasin bites you but does no damage.
You hit the water moccasin.
You kill the water moccasin!
* * * LOW HITPOINT WARNING * * *
You feel very sick.
You feel your strength returning.
Your life force feels restored.
You aren't carrying any potions.
* * * LOW HITPOINT WARNING * * *
You feel sick.
You die...

###.....###.#
#..#.#.).#..#### # #.....#
#.# #..#.#..8<∩.8Y.. #
#.....# #.# ##.#.#.#†#.#####
# #.....# #.# #.#.#.#.#8# #
#.....# #.# #...#.#.#.# #
#.....# #.########..#.#...# #
#.....# #.##.)..)..>#.###.#
#.....# #.##.######.#.# #.#
#.....# #.##.#@..<#.#.#
#.##### #######
#.##.#.####.#.# #......
#.##.#.# #.#.# #######
#.##.#.####.#.# #######
#.##.#......#.# ......#
#.##.########.# #####.#
#.##.# #.# #.#####.##.#
#.#########
#..........########..........


There were no monsters in sight!

Vanquished Creatures
  A water moccasin (D:3)
  A vampire bat (D:4)
  An orc priest (D:4)
  A hound (D:3)
  Terence (D:2)
  An orc wizard (D:4)
  3 hound skeletons (D:4)
  3 adders
  An ufetubus (D:4)
  An adder skeleton (D:4)
  A worm (D:3)
  4 dart slugs
  9 orcs
  5 ball pythons
  5 bat skeletons (D:4)
  2 bat zombies (D:4)
  4 endoplasms
  5 giant cockroaches
  12 goblins
  8 hobgoblins
  3 jackals (D:3)
  2 quokkas (D:1)
  5 bats
  2 frilled lizards (D:1)
  7 kobolds
  2 rats (D:1)
90 creatures vanquished.

Notes
Turn   | Place    | Note
-------+----------+-------------------------------------------
     0 | D:1      | freelancePsychic the Draconian Wanderer began the quest for
                  | the Orb.
     0 | D:1      | freelancePsychic set off with the following items: a +0
                  | mace, a scroll of teleportation {@r4}; and the following
                  | spells available to memorise: Blink, Gell's Gravitas,
                  | Lesser Beckoning, Teleport Other, Manifold Assault
     0 | D:1      | Reached XP level 1. HP: 22/22 MP: 3/3
   336 | D:1      | Reached XP level 2. HP: 28/28 MP: 5/5
   904 | D:1      | Found a faded altar of an unknown god.
  1433 | D:2      | Reached XP level 3. HP: 28/34 MP: 6/6
  1496 | D:2      | Noticed Terence
  1504 | D:2      | Killed Terence
  1546 | D:2      | Reached skill level 1 in Throwing
  1546 | D:2      | Reached XP level 4. HP: 31/41 MP: 7/7
  2043 | D:3      | Reached skill level 5 in Fighting
  2492 | D:3      | Found Biorpheq's General Store.
  2500 | D:3      | Noticed an ice beast
  2501 | D:3      | Bought a scroll of teleportation for 33 gold pieces
  2501 | D:3      | Bought a scroll of fear for 38 gold pieces
  2501 | D:3      | Bought 18 stones for 19 gold pieces
  2641 | D:4      | Reached XP level 5. HP: 36/48 MP: 8/8
  2715 | D:4      | Found a hazy altar of Hepliaklqana.
  2863 | D:4      | Found a sacrificial altar of Ru.
  3127 | D:4      | Became a worshipper of Ru the Awakened
  3443 | D:4      | Reached skill level 6 in Fighting
  3686 | D:4      | Found an ancient bone altar of Kikubaaqudgha.
  3718 | D:5      | Entered Level 5 of the Dungeon
  3752 | D:5      | Noticed a troll
  3754 | D:5      | Noticed a jumping spider
  3754 | D:5      | a troll changed into a jumping spider
  3945 | D:4      | Reached XP level 6. HP: 32/58 MP: 9/9
  4331 | D:3      | Reached skill level 7 in Fighting
  4680 | D:3      | Noticed a water moccasin
  4680 | D:3      | an ice beast changed into a water moccasin
  4697 | D:3      | Killed a water moccasin
  4698 | D:3      | HP: 2/61 [poisoned by a water moccasin]
  4699 | D:3      | Succumbed to a water moccasin's poison

Illustrated notes

Levels and vault maps discovered:
D:1:      sevenhm_arrival_forest_fort_large_4, layout_basic,
          chequers_ecumenical_altar_island
D:2:      layout_basic, kennysheep_another_room, minmay_misc_feat_room,
          minmay_goblin_outpost, uniq_terence
D:3:      layout_basic, serial_shops, nicolae_shop_statue_plus
D:4:      layout_basic, mainiacjoe_overflow_catwalk,
          mainiacjoe_overflow_cross_hatched, kennysheep_vampire_church
D:5:      layout_loops_ring, nicolae_uskayaw_suspiria,
          mainiacjoe_overflow_concentric_impassable,
          chequers_serial_rivers_small_3, kennysheep_generic_room_13,
          uniq_eustachio

Skill      XL: |  1  2  3  4  5  6 |
---------------+-------------------+-----
Maces & Flails | 2 3 |  3.0
Throwing       | 1 2 |  2.1
Fighting       | 5 6 7 |  7.7
Short Blades   | |  0.1
Spellcasting   | |  2.0
Translocations | |  1.0
Evocations     | |  2.0

Action                   |  1- 3 |  4- 6 || total
-------------------------+-------+-------++-------
Melee: Mace              |    84 |       ||    84
       Tailslap          |     8 |     3 ||    11
       Flail             |    22 |     8 ||    30
       Dagger            |       |    48 ||    48
 Fire: Hunting sling     |       |   210 ||   210
Throw: Boomerang         |     7 |     1 ||     8
       Dart              |     3 |       ||     3
Evoke: Wand              |       |     4 ||     4
  Use: Scroll            |     1 |     3 ||     4
       Potion            |       |     9 ||     9
 Stab: Sleeping          |       |     1 ||     1
Armor: Skin              |    53 |   111 ||   164
Dodge: Dodged            |    89 |   204 ||   293

Table legend: (Time is in decaauts)
 A = Elapsed time spent in this place.
 B = Non-inter-level travel time spent in this place.
 C = Inter-level travel time spent in this place.
 D = Time resting spent in this place.
 E = Time spent auto-exploring this place.
 F = Levels seen in this place.
 G = Mean time per level.
                   A        B        C        D        E       F      G
               +--------+--------+--------+--------+--------+-----+--------+
         Total |   4779 |   4523 |    256 |    711 |   3024 |   5 |  955.8 |
       Dungeon |   4779 |   4523 |    256 |    711 |   3024 |   5 |  955.8 |
               +--------+--------+--------+--------+--------+-----+--------+

Top non-repeatable levels by time:
     D:4: 1553 daAuts
     D:1: 1230 daAuts
     D:3: 1055 daAuts
     D:2: 849 daAuts
     D:5: 91 daAuts
